 Dungeon Sprint DCSS version 0.30-a0-58-gc0703345a7 (webtiles) character file.

Game seed: 17799341342652926153

3454 mhtbhm the Earth Mage (level 10, -8/50 HPs)
             Began as a Gargoyle Earth Elementalist on Sept 11, 2022.
             Was the Champion of Vehumet.
             Mangled by a merfolk
             ... wielding a +0 trident
              (16 damage)
             ... in the Dungeon (Sprint VII: "The Pits").
             The game lasted 00:04:49 (1780 turns).

mhtbhm the Earth Mage (Gargoyle Earth Elementalist) Turns: 1780, Time: 00:04:50

Health: -8/50      AC: 15    Str: 14    XL:     10   Next: 6%
Magic:  1/27       EV: 13    Int: 21    God:    Vehumet [******]
Gold:   0          SH:  0    Dex: 10    Spells: 25/35 levels left

rFire   + . .      SeeInvis .    k - +2 quarterstaff (speed)
rCold   . . .      Faith    .    (shield currently unavailable)
rNeg    + . .      Spirit   .    a - +1 robe {rF+}
rPois   ∞          Reflect  .    (no helmet)
rElec   +          Harm     .    q - +0 cloak
rCorr   .          Rampage  .    (no gloves)
Will    .....      NoTele   +    r - +0 pair of boots
Stlth   +++.......               (no amulet)
HPRegen 0.16/turn                l - +3 ring of protection
MPRegen 0.20/turn                m - +3 ring of strength

@: no status effects
A: sickness immunity, AC +7, negative energy resistance 1, electricity
resistance, torment resistance 1, petrification resistance
a: Renounce Religion


You were in the Dungeon.
You worshipped Vehumet.
Vehumet was exalted by your worship.
You visited 1 branch

Inventory:

Hand Weapons
 k - a +2 quarterstaff of speed (weapon)
Armour
 a - a +1 robe of fire resistance (worn)
 q - a +0 cloak (worn)
 r - a +0 pair of boots (worn)
Jewellery
 l - a +3 ring of protection (left hand)
 m - a +3 ring of strength (right hand)
Scrolls
 g - a scroll of blinking
 i - 5 scrolls of amnesia
Potions
 b - 3 potions of magic
 c - 7 potions of curing
 d - 6 potions of heal wounds
 e - 2 potions of haste
 f - 5 potions of berserk rage
 h - 2 potions of invisibility
 n - a potion of brilliance
 o - a potion of resistance
 p - a potion of mutation


   Skills:
 - Level 1.1 Staves
 + Level 4.7 Dodging
 + Level 5.7 Stealth
 + Level 13.0 Spellcasting
 + Level 8.1 Conjurations
 + Level 2.5 Transmutations
 + Level 17.4 Earth Magic


You had 25 spell levels left.
You knew the following spells:

 Your Spells              Type           Power      Damage    Failure   Level
a - Sandblast             Erth           100%       2d20      0%          1
b - Passwall              Tmut/Erth      44%        N/A       1%          2
c - Stone Arrow           Conj/Erth      100%       3d13      1%          3
d - Petrify               Tmut/Erth      53%        N/A       1%          4

Your spell library contained the following spells:

 Spells                   Type           Power      Damage    Failure   Level
 Starburst                Conj/Fire      15%        6d6       32%         6


Dungeon Overview and Level Annotations

Branches:
Dungeon (1/1)

Altars:
Ashenzari
Cheibriados
Dithmenos
Elyvilon
Fedhas
Gozag
Hepliaklqana
Kikubaaqudgha
Makhleb
Nemelex Xobeh
Okawaru
Qazlal
Ru
Sif Muna
Trog
Uskayaw
Vehumet
Wu Jian
Xom
Yredelemnul
Zin
The Shining One
Jiyva
Lugonu


Innate Abilities, Weirdness & Mutations

You are immune to sickness and miasma.
Your stone body is resilient. (AC +7)
You are immune to poison.
You resist negative energy. (rN+)
You are resistant to electric shocks. (rElec)
You are resistant to unholy torment.
You are immune to petrification.


Message History

The merfolk hits you from afar with a +0 trident.
The wolf closely misses you.
Casting: Stone Arrow (safe; 1% risk of failure)
Confirm with . or Enter, or press ? or * to list all spells.
Aiming: Stone Arrow (safe; 1% risk of failure)
Press: ? - help, Shift-Dir - straight line, f/p - wolf
Aim: a wolf (almost dead, 63% to hit)
The stone arrow hits the wolf!!
You kill the wolf!
Vehumet accepts your kill.
You feel your power returning.
The merfolk throws a boomerang.
The boomerang misses you.
Casting: Stone Arrow (safe; 1% risk of failure)
Confirm with . or Enter, or press ? or * to list all spells.
Aiming: Stone Arrow (safe; 1% risk of failure)
Press: ? - help, Shift-Dir - straight line, f - merfolk
Aim: a merfolk, wielding a +0 trident and quivering boomerangs (72% to hit)
The stone arrow hits the merfolk!!
The merfolk is heavily wounded.
The merfolk hits you from afar with a +0 trident.
Unknown command.
Casting: Stone Arrow (safe; 1% risk of failure)
Confirm with . or Enter, or press ? or * to list all spells.
Aiming: Stone Arrow (safe; 1% risk of failure)
Press: ? - help, Shift-Dir - straight line, f/p - merfolk
Aim: a merfolk, wielding a +0 trident and quivering boomerangs (heavily wounded, 72% to hit)
The stone arrow hits the merfolk!!
The merfolk is almost dead.
The merfolk closely misses you.
You hit the merfolk.
The merfolk is almost dead.
The merfolk barely misses you.
You closely miss the merfolk.
The merfolk is almost dead.
The merfolk hits you with a +0 trident!!
* * * LOW HITPOINT WARNING * * *
You barely miss the merfolk.
The merfolk is almost dead.
The merfolk hits you with a +0 trident!
You die...

##................#
#####'#####''######
##.......##''#####
##.......##......#
##.......##......#
##...<...###....## ##
##.......# ##''## #..+
##.......###.)..## ....#
##.......##.....@#....#
##########......m....+
###########......#....#
....#...[###.[..###....#
....#...[# ##))## ##..+
....'..))# #....# ##
....#..))##......#
....#..))##......#
##################


You could see a merfolk.

Vanquished Creatures
  A manticore (D)
  2 black mambas (D)
  3 kobold demonologists (D)
  A troll (D)
  A wyvern (D)
  A redback (D)
  A warg (D)
  2 floating eyes (D)
  Pargi (D)
  An ice beast (D)
  5 wolves (D)
  2 centaurs (D)
  A crimson imp (D)
  An iron imp (D)
  An orc priest (D)
  An orc wizard (D)
  A gnoll (D)
  A river rat (D)
  An orc (D)
  A bat skeleton (D)
  3 goblins (D)
  3 jackals (D)
  A quokka (D)
  A ball python zombie (D)
  3 frilled lizards (D)
  6 kobolds (D)
46 creatures vanquished.

Notes
Turn   | Place    | Note
-------+----------+-------------------------------------------
     0 | D        | mhtbhm the Gargoyle Earth Elementalist began the quest for
                  | the Orb.
     0 | D        | Reached XP level 1. HP: 10/10 MP: 3/3
    14 | D        | Reached skill level 4 in Earth Magic
    19 | D        | Found a bloodstained altar of Trog.
    19 | D        | Found a shimmering blue altar of Sif Muna.
    19 | D        | Found a viscous altar of Jiyva.
    19 | D        | Found a hazy altar of Hepliaklqana.
    19 | D        | Found an opulent altar of Gozag.
    20 | D        | Found a glowing golden altar of the Shining One.
    20 | D        | Found a glowing silver altar of Zin.
    20 | D        | Found a basalt altar of Yredelemnul.
    20 | D        | Found a shimmering altar of Xom.
    20 | D        | Found an ornate altar of the Wu Jian Council.
    20 | D        | Found a sacrificial altar of Ru.
    20 | D        | Found a stormy altar of Qazlal.
    20 | D        | Found an iron altar of Okawaru.
    20 | D        | Found a sparkling altar of Nemelex Xobeh.
    20 | D        | Found a burning altar of Makhleb.
    20 | D        | Found a blossoming altar of Fedhas.
    20 | D        | Found a white marble altar of Elyvilon.
    20 | D        | Found a shadowy altar of Dithmenos.
    20 | D        | Found a snail-covered altar of Cheibriados.
    22 | D        | Found a radiant altar of Vehumet.
    22 | D        | Found a corrupted altar of Lugonu.
    23 | D        | Found a hide-covered altar of Uskayaw.
    23 | D        | Found an ancient bone altar of Kikubaaqudgha.
    23 | D        | Found a broken altar of Ashenzari.
    30 | D        | Became a worshipper of Vehumet
   211 | D        | Noticed a floating eye
   214 | D        | Reached * piety under Vehumet
   214 | D        | Offered knowledge of Freeze by Vehumet.
   215 | D        | Reached skill level 5 in Earth Magic
   215 | D        | Reached XP level 2. HP: 9/15 MP: 0/5
   216 | D        | Paralysed by a floating eye for 3 turns
   219 | D        | Killed a floating eye
   220 | D        | Reached skill level 1 in Staves
   220 | D        | Reached skill level 9 in Earth Magic
   220 | D        | Reached XP level 3. HP: 12/19 MP: 0/9
   220 | D        | Reached XP level 4. HP: 16/24 MP: 0/10
   321 | D        | Learned a level 2 spell: Passwall
   325 | D        | Learned a level 3 spell: Stone Arrow
   330 | D        | Learned a level 4 spell: Petrify
   334 | D        | Noticed a floating eye
   336 | D        | Killed a floating eye
   336 | D        | Reached ** piety under Vehumet
   337 | D        | Reached skill level 5 in Spellcasting
   337 | D        | Reached skill level 11 in Earth Magic
   337 | D        | Reached XP level 5. HP: 28/28 MP: 11/13
   340 | D        | Reached XP level 6. HP: 32/32 MP: 11/14
   361 | D        | Offered knowledge of Magic Dart by Vehumet.
   496 | D        | Reached *** piety under Vehumet
   506 | D        | Noticed a warg
   510 | D        | Noticed an ice beast
   513 | D        | Killed a warg
   514 | D        | Reached skill level 5 in Stealth
   514 | D        | Reached skill level 12 in Earth Magic
   519 | D        | Killed an ice beast
   520 | D        | Reached skill level 1 in Conjurations
   520 | D        | Reached skill level 13 in Earth Magic
   520 | D        | Reached XP level 7. HP: 36/36 MP: 6/18
   521 | D        | Reached **** piety under Vehumet
   622 | D        | Offered knowledge of Poisonous Vapours by Vehumet.
   683 | D        | Noticed a wyvern
   686 | D        | Killed a wyvern
   687 | D        | Reached skill level 14 in Earth Magic
   842 | D        | Noticed Pargi
   844 | D        | Offered knowledge of Ignite Poison by Vehumet.
   844 | D        | Reached ***** piety under Vehumet
   852 | D        | Killed Pargi
   853 | D        | Reached skill level 1 in Transmutations
   855 | D        | Reached XP level 8. HP: 39/41 MP: 3/21
   965 | D        | Noticed a black mamba
   970 | D        | Killed a black mamba
   970 | D        | Offered knowledge of Lightning Bolt by Vehumet.
   971 | D        | Reached skill level 10 in Spellcasting
   971 | D        | Reached skill level 15 in Earth Magic
  1288 | D        | Noticed a troll
  1288 | D        | Noticed a manticore
  1291 | D        | Killed a troll
  1291 | D        | Offered knowledge of Fulminant Prism by Vehumet.
  1292 | D        | Reached skill level 5 in Conjurations
  1461 | D        | Killed a manticore
  1462 | D        | Reached skill level 16 in Earth Magic
  1462 | D        | Reached XP level 9. HP: 40/45 MP: 15/24
  1514 | D        | Noticed a kobold demonologist
  1514 | D        | Noticed a kobold demonologist
  1514 | D        | Noticed a kobold demonologist
  1514 | D        | Noticed a black mamba
  1518 | D        | Noticed a soul eater
  1518 | D        | Killed a kobold demonologist
  1523 | D        | Killed a kobold demonologist
  1524 | D        | Killed a black mamba
  1525 | D        | Reached ****** piety under Vehumet
  1526 | D        | Noticed an orange demon
  1530 | D        | Offered knowledge of Starburst by Vehumet.
  1535 | D        | Killed a kobold demonologist
  1536 | D        | Reached skill level 17 in Earth Magic
  1764 | D        | Noticed a merfolk
  1770 | D        | Reached XP level 10. HP: 31/50 MP: 15/26
  1780 | D        | Mangled by a merfolk

Illustrated notes

Levels and vault maps discovered:
D:        pitsprint [storerooms_1, entrance_room_1, metal_vault_2, armoury_2,
          mini_pit_1, grid_room_1, main_hall_1, silver_pit, the_coven_3,
          the_vestibule_1, steel_vault_4, golden_pit, hallway_of_sentries,
          crystal_vault_5, iron_vault_5, final_vault]

Skill      XL: |  1  2  3  4  5  6  7  8  9 10 |
---------------+-------------------------------+-----
Earth Magic    | 5 9 11 13 14 16 17 | 17.4
Staves         | 1 |  1.1
Dodging        | 2 3 4 |  4.7
Stealth        | 3 4 5 |  5.7
Spellcasting   | 4 5 7 9 11 12 13 | 13.0
Conjurations   | 1 3 5 8 |  8.1
Transmutations | 1 2 |  2.5

Action                   |  1- 3 |  4- 6 |  7- 9 | 10-12 || total
-------------------------+-------+-------+-------+-------++-------
Melee: Quarterstaff      |     3 |       |       |     3 ||     6
 Cast: Sandblast         |     8 |     9 |    14 |       ||    31
       Stone Arrow       |       |     9 |    39 |     6 ||    54
       Petrify           |       |       |     2 |       ||     2
  Use: Potion            |       |     1 |     2 |     1 ||     4
       Scroll            |       |       |     1 |       ||     1
Armor: Robe              |       |     3 |    26 |     3 ||    32
Dodge: Dodged            |     1 |     4 |    31 |     5 ||    41

Table legend: (Time is in decaauts)
 A = Elapsed time spent in this place.
 B = Non-inter-level travel time spent in this place.
 C = Inter-level travel time spent in this place.
 D = Time resting spent in this place.
 E = Time spent auto-exploring this place.
 F = Levels seen in this place.
 G = Mean time per level.
                   A        B        C        D        E       F      G
               +--------+--------+--------+--------+--------+-----+--------+
         Total |   1794 |   1794 |      0 |   1317 |     28 |   1 | 1794.0 |
       Dungeon |   1794 |   1794 |      0 |   1317 |     28 |   1 | 1794.0 |
               +--------+--------+--------+--------+--------+-----+--------+

Top non-repeatable levels by time:
       D: 1794 daAuts
